 Dungeon Crawl Stone Soup version 0.29-a0-876-gfc89b1a5bd (webtiles) character file.

Game seed: 1004128048328088699

22642 IdlyInterested the Cleaver (level 12, 0/88 HPs)
             Began as a Demonspawn Fighter on July 19, 2022.
             Slain by a centaur warrior skeleton (1 damage)
             ... on level 12 of the Dungeon.
             The game lasted 00:42:29 (12663 turns).

IdlyInterested the Cleaver (Demonspawn Fighter)    Turns: 12663, Time: 00:42:30

Health: 0/88       AC: 21    Str: 19    XL:     12   Next: 64%
Magic:  12/12      EV:  9    Int:  9    God:
Gold:   352        SH: 13    Dex: 22    Spells: 11/11 levels left

rFire   + + .      SeeInvis .   k - +10 mace "Warae" {spect, *Rage rElec rF+ rN+ Will+}
rCold   . . .      Faith    .   c - +0 buckler
rNeg    + + .      Spirit   .   w - +2 chain mail {rN+}
rPois   .          Reflect  +   (helmet restricted)
rElec   +          Harm     .   Q - +2 cloak {rCorr}
rCorr   +          Rampage  .   V - +0 pair of gloves
Will    +....      Rage     20% g - +0 pair of boots
Stlth   ..........              x - amulet of reflection
HPRegen 0.24/turn               e - +6 ring of dexterity
MPRegen 0.13/turn               l - ring of protection from fire

@: slowed, very slow
A: horns 1, thin metallic scales 3, demonic magic 2
a: no special abilities


You were on level 12 of the Dungeon.
You visited 2 branches of the dungeon, and saw 13 of its levels.

You collected 726 gold pieces.
You spent 374 gold pieces at shops.

Inventory:

Hand Weapons
 a - a +1 war axe
 k - the +10 mace "Warae" (weapon) {spect, *Rage rElec rF+ rN+ Will+}
   (You found it on level 2 of the Dungeon)

   When its wielder attacks, the weapon's spirit leaps out and strikes again.
   The spirit shares a part of any damage it takes with its wielder.
   rF:        It protects you from fire.
   rElec:     It insulates you from electricity.
   rN:        It protects you from negative energy.
   *Rage:     It berserks you when you make melee attacks (+20% chance).
   Will:      It increases your willpower.
 u - a +4 hand axe
Missiles
 h - 36 poisoned darts (quivered)
 n - 3 datura-tipped darts
 p - 2 throwing nets
 C - 2 javelins
 J - 4 silver javelins
 O - a curare-tipped dart
Armour
 c - a +0 buckler (worn)
 g - a +0 pair of boots (worn)
 w - a +2 chain mail of positive energy (worn)
 Q - a +2 cloak of preservation (worn)
 S - a +0 troll leather armour
 V - a +0 pair of gloves (worn)
 X - the +1 scale mail of Snakes and Ladders {Str+5 Dex-5}
   (You found it on level 11 of the Dungeon)

   Str:       It affects your strength (+5).
   Dex:       It affects your dexterity (-5).
 Z - a +2 robe of cold resistance
Jewellery
 e - a +6 ring of dexterity (left hand)
 l - a ring of protection from fire (right hand)
 x - an amulet of reflection (around neck)
 y - a +6 ring of intelligence
 N - a ring of protection from fire
Wands
 s - a wand of polymorph (20)
 t - a wand of flame (62)
 A - a wand of digging (11)
 H - a wand of paralysis (6)
 M - a wand of mindburst (3)
 P - a wand of iceblast (7)
Scrolls
 b - a scroll of identify
 j - 9 scrolls of teleportation
 r - a scroll of fear
 z - 2 scrolls of enchant weapon
 B - a scroll of fog
 F - 5 scrolls of enchant armour
 G - 3 scrolls of magic mapping
 T - 2 scrolls of poison {unknown}
 U - a scroll of amnesia
Potions
 d - 2 potions of might
 f - 5 potions of mutation
 i - 3 potions of flight
 o - 6 potions of curing
 q - 2 potions of berserk rage
 v - a potion of cancellation
 I - a potion of invisibility
 L - 2 potions of brilliance
Miscellaneous
 E - a phantom mirror


   Skills:
 - Level 6.0 Fighting
 * Level 13.8 Axes
 - Level 3.0 Throwing
 - Level 6.0 Armour
 + Level 3.3 Dodging
 - Level 3.0 Stealth
 * Level 10.8 Shields
 - Level 3.0 Evocations


You had 11 spell levels left.
You didn't know any spells.
Your spell library contained the following spells:

 Spells                   Type           Power      Damage    Failure   Level
 Apportation              Tloc           0%         N/A       99%         1
 Magic Dart               Conj           0%         1d3       99%         1
 Necrotise                Necr           0%         1d4       99%         1
 Summon Small Mammal      Summ           0%         N/A       99%         1
 Blink                    Tloc           0%         N/A       100%        2
 Call Imp                 Summ           0%         N/A       100%        2
 Confusing Touch          Hex            0%         N/A       100%        3
 Lesser Beckoning         Tloc           0%         N/A       100%        3
 Mephitic Cloud           Conj/Pois/Air  0%         N/A       100%        3
 Ozocubu's Armour         Ice            0%         N/A       100%        3
 Manifold Assault         Tloc           0%         N/A       100%        5
 Metabolic Englaciation   Hex/Ice        0%         N/A       100%        5
 Yara's Violent Unravell  Hex/Tmut       0%         3d3       100%        5
 Simulacrum               Ice/Necr       0%         N/A       100%        6
 Enfeeble                 Hex            0%         N/A       100%        7


Dungeon Overview and Level Annotations

Branches:
Dungeon (12/15)            Temple (1/1) D:7            Lair (0/5) D:11
    Orc (0/2) D:11

Altars:
Ashenzari
Cheibriados
Dithmenos
Fedhas
Gozag
Hepliaklqana
Kikubaaqudgha
Makhleb
Nemelex Xobeh
Okawaru
Qazlal
Ru
Sif Muna
Trog
Uskayaw
Vehumet
Wu Jian
Xom
Yredelemnul

Shops:
D:3 ?[(=   D:7 (*??[   D:9 :

Annotations:
D:12 2 transporters, IndoAryan's ghost, journeyman HuBe


Innate Abilities, Weirdness & Mutations

You have a pair of small horns on your head.
You are completely covered in thin metallic scales. (AC +4, rElec)
Spells you cast may paralyse nearby enemies.


Message History

You barely miss the centaur warrior zombie.
The centaur warrior zombie is severely damaged.
Your +10 mace "Warae" {spect, *Rage rElec rF+ rN+ Will+} hits the centaur warrior zombie!
The centaur warrior zombie hits you but does no damage.
The centaur warrior zombie kicks you but does no damage.
The boggart skeleton hits your cyclops.
You block the centaur warrior zombie's attack. x2
Your cyclops hits the centaur warrior zombie!!
The centaur warrior zombie is destroyed!
Unknown command.
Your cyclops hits the boggart skeleton. You thump the boggart skeleton!
The boggart skeleton is severely damaged.
Your +10 mace "Warae" {spect, *Rage rElec rF+ rN+ Will+} hits the boggart skeleton!
Your cyclops hits the boggart skeleton!!
The boggart skeleton is destroyed!
Your cyclops dissolves into shadows!
The centaur warrior skeleton barely misses you.
You block the centaur warrior skeleton's attack.
You sock the centaur warrior skeleton!
The centaur warrior skeleton is lightly damaged.
Your +10 mace "Warae" {spect, *Rage rElec rF+ rN+ Will+} hits the centaur warrior skeleton!
The centaur warrior skeleton hits you but does no damage.
The centaur warrior skeleton kicks you but does no damage.
You block the centaur warrior skeleton's attack. x2
You hit the centaur warrior skeleton.
The centaur warrior skeleton is moderately damaged.
Your +10 mace "Warae" {spect, *Rage rElec rF+ rN+ Will+} hits the centaur warrior skeleton!
You block the centaur warrior skeleton's attack.
The centaur warrior skeleton kicks you but does no damage.
The centaur warrior skeleton hits you.
* * * LOW HITPOINT WARNING * * *
The centaur warrior skeleton kicks you but does no damage.
You barely miss the centaur warrior skeleton.
The centaur warrior skeleton is heavily damaged.
Your +10 mace "Warae" {spect, *Rage rElec rF+ rN+ Will+} hits the centaur warrior skeleton!
You recover from your berserk rage.
The centaur warrior skeleton hits you but does no damage.
The centaur warrior skeleton kicks you.
You die...

..#.......#รท.....).#.# #.#
..#......<'....[[.##.# #.#
+##.#####.#.......#..# #.#
....#...#.#########..######.#
#...#...#...................#
#...#...#...................#####
#...#...#..##########............
#...##''#..# #..................
#..........# #.@................
#........### #(Z######..........
#........# #..# #..........
#........# #))# #..........
.........# #.... #.######...
.........# ##..## #.# #...
####.....# ?..( #.# #... #.....#
##..# #... .....# .... #...


You could see a centaur warrior skeleton and a friendly +10 mace "Warae" {spect,
*Rage rElec rF+ rN+ Will+} (summoned).

Vanquished Creatures
  2 hydras (D:12)
  2 boulder beetles
  4 two-headed ogres
  A skeletal warrior (D:12)
  An orc knight (D:12)
  A necromancer (D:12)
  Maurice (D:9)
  Psyche (D:11)
  5 centaur skeletons (D:12)
  2 unseen horror zombies (D:8)
  A tengu conjurer (D:11)
  A komodo dragon (D:12)
  4 trolls
  A hornet (D:8)
  A meliai zombie (D:12)
  4 flying skulls (D:12)
  6 wraiths
  5 shadows
  3 wyverns
  7 yaks
  4 vampire mosquitoes (D:12)
  Edmund (D:4)
  3 wargs (D:11)
  5 acid dragons
  A water moccasin (D:8)
  Duvessa (D:4)
  A black bear (D:7)
  4 orc warriors
  A sky beast (D:7)
  An ogre (D:6)
  4 ice beasts
  5 centaurs
  3 kobold brigands
  2 gnoll sergeants
  4 bullfrogs
  2 scorpions
  A wyvern zombie (D:8)
  2 necrophages
  11 wights
  Dowan (D:4)
  A vampire bat (D:4)
  7 howler monkeys
  4 centaur zombies
  4 orc priests
  Crazy Yiuf (D:4)
  5 hounds
  2 jellies
  2 iguanas
  10 orc wizards
  Ijyb (D:4)
  Natasha (thrice) (D:3)
  A killer bee zombie (D:8)
  Robin (D:3)
  19 gnolls
  10 adders
  2 white imps
  An ufetubus (D:5)
  4 worms
  4 dart slugs
  24 orcs
  4 ball pythons
  6 endoplasms
  8 giant cockroaches
  17 goblins
  4 hobgoblins
  7 jackals
  A quokka (D:4)
  11 bats
  3 frilled lizards
  23 kobolds
  4 rats
304 creatures vanquished.

Vanquished Creatures (collateral kills)
  2 centaur zombies (D:12)
  2 centaur skeletons (D:12)
  A boggart skeleton (D:12)
5 creatures vanquished.

Vanquished Creatures (others)
  A manticore (D:12)
  7 plants (D:2)
  A withered plant (D:8)
9 creatures vanquished.

Grand Total: 318 creatures vanquished

Notes
Turn   | Place    | Note
-------+----------+-------------------------------------------
     0 | D:1      | IdlyInterested the Demonspawn Fighter began the quest for
                  | the Orb.
     0 | D:1      | Reached XP level 1. HP: 18/18 MP: 1/1
   159 | D:1      | Reached skill level 2 in Axes
   274 | D:1      | Gained mutation: You are partially covered in thin metallic
                  | scales. (AC +2) [demonic ancestry]
   274 | D:1      | Reached XP level 2. HP: 22/24 MP: 2/2
   543 | D:1      | Reached skill level 1 in Stealth
   779 | D:1      | Gained mutation: You have a pair of small horns on your
                  | head. [demonic ancestry]
   779 | D:1      | Reached XP level 3. HP: 29/29 MP: 3/3
  1500 | D:2      | Identified the +10 mace "Warae" {spect, *Rage rElec rF+ rN+
                  | Will+}
  1546 | D:2      | Reached skill level 3 in Axes
  1582 | D:2      | Gained mutation: Spells you cast may paralyse adjacent
                  | enemies. [demonic ancestry]
  1582 | D:2      | Reached XP level 4. HP: 35/35 MP: 4/4
  2299 | D:3      | Found Nouwe's Weapon Emporium.
  2315 | D:3      | Reached XP level 5. HP: 41/41 MP: 5/5
  2327 | D:3      | Found Muutefri's Jewellery Shop.
  2327 | D:3      | Noticed Natasha
  2330 | D:3      | Killed Natasha
  2331 | D:3      | Reached skill level 4 in Axes
  2600 | D:3      | Noticed Natasha
  2608 | D:3      | Killed Natasha
  2730 | D:3      | Found Lomeorus's Antique Armour Boutique.
  2747 | D:3      | Noticed Natasha
  2752 | D:3      | Killed Natasha
  2753 | D:3      | Reached skill level 1 in Evocations
  2753 | D:3      | Gained mutation: You are mostly covered in thin metallic
                  | scales. (AC +3) [demonic ancestry]
  2753 | D:3      | Reached XP level 6. HP: 39/47 MP: 6/6
  2924 | D:3      | Found Fomitam's Magic Scroll Shoppe.
  3044 | D:3      | Noticed Robin
  3057 | D:3      | Killed Robin
  3494 | D:3      | Bought a scroll of identify for 22 gold pieces
  3495 | D:3      | Bought a scroll of identify for 22 gold pieces
  3496 | D:3      | Bought a scroll of identify for 22 gold pieces
  3585 | D:4      | Reached skill level 5 in Axes
  3714 | D:4      | Noticed Dowan
  3719 | D:4      | Killed Dowan
  3719 | D:4      | Noticed Duvessa
  3721 | D:4      | Gained mutation: You are completely covered in thin
                  | metallic scales. (AC +4, rElec) [demonic ancestry]
  3721 | D:4      | Reached XP level 7. HP: 52/52 MP: 7/7
  3725 | D:4      | Killed Duvessa
  3940 | D:4      | Noticed Ijyb
  3944 | D:4      | Killed Ijyb
  3945 | D:4      | Reached skill level 6 in Axes
  4142 | D:4      | Found a runed translucent door.
  4142 | D:4      | Noticed Edmund
  4143 | D:4      | Noticed Crazy Yiuf
  4152 | D:4      | Killed Crazy Yiuf
  4157 | D:4      | Killed Edmund
  4158 | D:4      | Reached skill level 1 in Throwing
  4507 | D:5      | Entered Level 5 of the Dungeon
  4669 | D:5      | Reached skill level 7 in Axes
  4686 | D:5      | Reached XP level 8. HP: 58/58 MP: 8/8
  5129 | D:6      | Reached skill level 8 in Axes
  5287 | D:6      | Reached skill level 1 in Dodging
  5565 | D:6      | Found a sparkling altar of Nemelex Xobeh.
  5842 | D:7      | Reached skill level 9 in Axes
  5842 | D:7      | Reached XP level 9. HP: 63/63 MP: 9/9
  6082 | D:7      | Found Qodwoczu's Magic Scroll Shop.
  6116 | D:7      | Found Kuckidgh's Magic Scroll Emporium.
  6354 | D:7      | Reached skill level 10 in Axes
  6406 | D:7      | Found Resu Agu's Armour Shop.
  6484 | D:7      | Found Ytaubul's Antique Weapon Shoppe.
  6530 | D:7      | Found a staircase to the Ecumenical Temple.
  6603 | Temple   | Entered the Ecumenical Temple
  6819 | D:7      | Found Tihurghui's General Store.
  7070 | D:7      | Bought a scroll of enchant armour for 82 gold pieces
  7084 | D:7      | Bought a scroll of magic mapping for 112 gold pieces
  7101 | D:8      | Reached skill level 5 in Shields
  7113 | D:8      | Gained mutation: Spells you cast may paralyse nearby
                  | enemies. [demonic ancestry]
  7113 | D:8      | Reached XP level 10. HP: 73/73 MP: 10/10
  7115 | D:8      | Noticed a two-headed ogre
  7127 | D:8      | Killed a two-headed ogre
  7425 | D:8      | Reached skill level 5 in Fighting
  7545 | D:8      | Reached skill level 11 in Axes
  8338 | D:9      | Found Kais's Book Boutique.
  8466 | D:9      | Noticed Maurice
  8479 | D:9      | Killed Maurice
  8878 | D:9      | Found a sacrificial altar of Ru.
  8989 | D:9      | You fall into a shaft and drop 1 floor!
  8989 | D:10     | Entered Level 10 of the Dungeon
  9347 | D:7      | Bought a scroll of summoning for 114 gold pieces
  9662 | D:10     | Noticed a two-headed ogre
  9666 | D:10     | Killed a two-headed ogre
  9667 | D:10     | Reached XP level 11. HP: 77/81 MP: 11/11
  9816 | D:10     | Noticed a two-headed ogre
  9823 | D:10     | Killed a two-headed ogre
  9943 | D:10     | Found an opulent altar of Gozag.
 10436 | D:11     | Found a staircase to the Lair.
 10440 | D:11     | Reached skill level 12 in Axes
 10690 | D:11     | Identified the +1 scale mail of Snakes and Ladders {Str+5
                  | Dex-5}
 10725 | D:11     | Noticed Psyche
 10729 | D:11     | Killed Psyche
 10851 | D:11     | Found a staircase to the Orcish Mines.
 10982 | D:11     | Noticed a two-headed ogre
 10990 | D:11     | Killed a two-headed ogre
 11007 | D:11     | Noticed a boulder beetle
 11025 | D:11     | Killed a boulder beetle
 11457 | D:12     | Found a transporter.
 11478 | D:12     | Noticed an eight-headed hydra
 11483 | D:12     | Killed an eight-headed hydra
 11504 | D:12     | Noticed an orc knight
 11511 | D:12     | Killed an orc knight
 12069 | D:12     | Noticed a four-headed hydra
 12076 | D:12     | Killed a four-headed hydra
 12077 | D:12     | Reached skill level 5 in Armour
 12211 | D:12     | Noticed an orc knight
 12214 | D:12     | Noticed IndoAryan's ghost (journeyman HuBe)
 12214 | D:12     | Noticed a boulder beetle
 12216 | D:12     | Noticed a white ugly thing
 12223 | D:12     | Found a transporter.
 12235 | D:12     | Reached XP level 12. HP: 67/88 MP: 12/12
 12336 | D:12     | Reached skill level 13 in Axes
 12429 | D:12     | Noticed a boulder beetle
 12450 | D:12     | Killed a boulder beetle
 12587 | D:12     | Reached skill level 10 in Shields
 12640 | D:12     | HP: 3/88 [centaur warrior zombie (7)]
 12650 | D:12     | HP: 4/88 [centaur warrior skeleton (2)]
 12662 | D:12     | HP: 1/88 [centaur warrior skeleton (6)]
 12663 | D:12     | Slain by a centaur warrior skeleton

Illustrated notes

Levels and vault maps discovered:
D:1:      nicolae_arrival_somewhat_less_tricky_arrival, layout_basic
D:2:      layout_basic, nicolae_grassy_gnolls
D:3:      layout_basic, serial_shops, shop, shop, shop, shop, uniq_natasha,
          uniq_robin
D:4:      layout_loops_ring, kennysheep_decorative_pillar, st_stairs_2,
          hangedman_abyss_or_decor_lesser_grid, minmay_misc_feat_rugged,
          roderic_batcave, fountainhead, kennysheep_pointless_box,
          uniq_crazy_yiuf_cottage, uniq_ijyb, uniq_edmund, uniq_duvessa
D:5:      layout_rooms
D:6:      layout_loops_ring, mainiacjoe_overflow_alcove_2, eino_tiny_chamber
D:7:      layout_loops_ring, minmay_temple_entry_sparse_star, serial_shops,
          shop_fountains, shop, shop, nicolae_shop_statue_plus, kennysheep_mini,
          minmay_door_square, st_stairs_4
D:8:      layout_rooms, serial_undead, serial_undead_c, serial_undead_f,
          serial_undead_d, serial_undead_a
D:9:      layout_grid_maze, nicolae_ru_awakened_eye, serial_shops, shop_coins,
          uniq_maurice
D:10:     layout_layer_cave, lemuel_doored_altar
D:11:     layout_long_grid, erik_lair_orcish_takeover, uniq_psyche
D:12:     hangedman_screamer, layout_irregular_city, gammafunk_ghost_arena
Temple:   hellmonk_temple_of_storms

Skill      XL: |  1  2  3  4  5  6  7  8  9 10 11 12 |
---------------+-------------------------------------+-----
Axes           | 2 3 4 5 7 9 10 11 12 13 | 13.8
Armour         | 3 5 6 |  6.0
Stealth        | 1 2 3 |  3.0
Evocations     | 1 2 3 |  3.0
Throwing       | 1 3 |  3.0
Dodging        | 2 3 |  3.3
Shields        | 5 7 9 10 | 10.8
Fighting       | 4 6 |  6.0

Action                   |  1- 3 |  4- 6 |  7- 9 | 10-12 || total
-------------------------+-------+-------+-------+-------++-------
Melee: War axe           |    60 |       |       |       ||    60
       Mace              |     9 |    90 |   168 |   280 ||   547
       Headbutt          |     2 |     6 |    30 |    72 ||   110
Throw: Dart              |       |     2 |       |    18 ||    20
Evoke: Phantom mirror    |       |       |       |     1 ||     1
  Use: Scroll            |     3 |     7 |     6 |     6 ||    22
       Potion            |       |     2 |       |     5 ||     7
 Stab: Sleeping          |       |     1 |       |       ||     1
       Distracted        |       |       |     1 |     6 ||     7
Armor: Scale mail        |    40 |    64 |       |    29 ||   133
       Chain mail        |       |       |   101 |   160 ||   261
       Plate armour      |       |       |       |    37 ||    37
Dodge: Dodged            |    32 |    56 |    65 |   123 ||   276
Block: Buckler           |    20 |    26 |    48 |   201 ||   295
       Reflection        |       |       |       |     8 ||     8

Table legend: (Time is in decaauts)
 A = Elapsed time spent in this place.
 B = Non-inter-level travel time spent in this place.
 C = Inter-level travel time spent in this place.
 D = Time resting spent in this place.
 E = Time spent auto-exploring this place.
 F = Levels seen in this place.
 G = Mean time per level.
                   A        B        C        D        E       F      G
               +--------+--------+--------+--------+--------+-----+--------+
         Total |  13229 |  11438 |   1791 |   2012 |   6752 |  13 | 1017.6 |
       Dungeon |  13120 |  11329 |   1791 |   2012 |   6665 |  12 | 1093.3 |
        Temple |    108 |    108 |      0 |      0 |     87 |   1 |  108.0 |
               +--------+--------+--------+--------+--------+-----+--------+

Top non-repeatable levels by time:
     D:9: 1659 daAuts
     D:3: 1436 daAuts
     D:7: 1364 daAuts
     D:1: 1313 daAuts
    D:12: 1254 daAuts
     D:2: 1042 daAuts
    D:11: 1028 daAuts
     D:4: 985 daAuts
     D:6: 942 daAuts
    D:10: 819 daAuts
     D:8: 685 daAuts
     D:5: 588 daAuts
  Temple: 108 daAuts
